 Dungeon Crawl Stone Soup version 0.30.1-3-gfc49f6343a (webtiles) character file.

Game seed: 12407757058542175726

8149 spardeous the Placeless Demigod (level 10, -29/69 HPs)
             Began as a Demigod Conjurer on Aug 8, 2023.
             Annihilated by an orc knight
             ... wielding a +0 halberd
              (43 damage)
             ... in a bailey.
             The game lasted 00:14:13 (12596 turns).

spardeous the Placeless Demigod (Demigod Conjurer) Turns: 12596, Time: 00:14:13

Health: -29/69     AC: 10    Str:  8    XL:     10   Next: 78%
Magic:  11/25      EV:  8    Int: 32    God:
Gold:   565        SH:  0    Dex: 12    Spells: 16/23 levels left

rFire   . . .        b - +1 great mace of Devotion {drain, rElec}
rCold   . . .        (shield currently unavailable)
rNeg    . . .        v - +0 scale mail
rPois   .            C - +0 helmet
rElec   +            j - +0 cloak
rCorr   .            P - +0 pair of gloves
SInv    .            n - +0 pair of boots
Will    ++...        Q - amulet of magic regeneration Stlth
                     c - ring of wizardry
HPRegen 0.31/turn    E - ring of willpower
MPRegen 0.59/turn

%: wizardry (x1)
@: very slightly contaminated
A: high MP 1, forlorn, divine attributes
a: no special abilities


You were in a bailey.
You visited 1 branch of the dungeon, and saw 10 of its levels.
You also visited: Bailey.

You collected 565 gold pieces.

Inventory:

Hand Weapons
 b - the +1 great mace of Devotion (weapon) {drain, rElec}
   (You took it off an ogre on level 5 of the Dungeon)

   rElec:     It insulates you from electricity.
 y - a +1 dagger of holy wrath
Armour
 a - a +0 robe
 j - a +0 cloak (worn)
 n - a +0 pair of boots (worn)
 v - a +0 scale mail (worn)
 C - a +0 helmet (worn)
 N - +0 steam dragon scales
 P - a +0 pair of gloves (worn)
Jewellery
 c - a ring of wizardry (left hand)
 t - an amulet of guardian spirit
 E - a ring of willpower (right hand)
 F - a ring of protection from fire
 G - a ring of protection from cold
 H - a +4 ring of slaying
 Q - an amulet of magic regeneration (around neck)
Wands
 k - a wand of quicksilver (10)
 B - a wand of polymorph (8)
 J - a wand of flame (18)
 M - a wand of paralysis (8)
Scrolls
 e - 11 scrolls of identify {unknown}
 g - 2 scrolls of torment {unknown}
 h - 3 scrolls of fog {unknown}
 i - 6 scrolls of immolation {unknown}
 o - 2 scrolls of poison {unknown}
 q - 6 scrolls of teleportation {unknown}
 z - 2 scrolls of silence {unknown}
 A - 2 scrolls of blinking {unknown}
 D - a scroll of noise {unknown}
 I - a scroll of amnesia {unknown}
 K - 3 scrolls of vulnerability {unknown}
 L - a scroll of enchant weapon {unknown}
 O - 2 scrolls of enchant armour
Potions
 d - 2 potions of degeneration {unknown}
 f - 2 potions of cancellation {unknown}
 l - a potion of berserk rage {unknown}
 m - a potion of flight {unknown}
 p - 4 potions of heal wounds {unknown}
 r - 4 potions of haste {unknown}
 s - 3 potions of attraction {unknown}
 u - 5 potions of curing {unknown}
 w - 4 potions of lignification {unknown}
 x - 2 potions of mutation {unknown}
 R - a potion of might {unknown}
 S - a potion of experience
 T - 2 potions of magic
 U - a potion of brilliance {unknown}
 V - a potion of resistance {unknown}


   Skills:
 - Level 1.7 Dodging
 - Level 1.7 Stealth
 + Level 7.4 Spellcasting
 - Level 10.0 Conjurations
 - Level 10.1 Translocations


You had 16 spell levels left.
You knew the following spells:

 Your Spells              Type           Power      Damage    Failure   Level
a - Magic Dart            Conj           100%       1d8       1%          1
b - Searing Ray           Conj           100%       2d8       1%          2
c - Iskenderun's Mystic   Conj/Tloc      66%        2d14      2%          4

Your spell library contained the following spells:

 Spells                   Type           Power      Damage    Failure   Level
 Dazzling Flash           Conj/Hex       88%        N/A       6%          3
 Hailstorm                Conj/Ice       44%        3d10      6%          3
 Stone Arrow              Conj/Erth      88%        3d12      6%          3
 Mephitic Cloud           Conj/Pois/Air  33%        N/A       12%         3
 Necrotise                Necr           44%        1d6       16%         1
 Fulminant Prism          Conj/Hex       22%        3d12      21%         4
 Call Imp                 Summ           22%        N/A       24%         2
 Cigotuvi's Dreadful Rot  Necr/Pois/Air  22%        N/A       24%         2
 Ensorcelled Hibernation  Hex/Ice        22%        N/A       24%         2
 Passwall                 Tmut/Erth      9%         N/A       24%         2
 Sublimation of Blood     Necr           11%        N/A       24%         2
 Wereblood                Tmut           11%        N/A       24%         2
 Ignite Poison            Fire/Tmut/Pois 11%        N/A       43%         3
 Swiftness                Air            11%        N/A       43%         3
 Vampiric Draining        Necr           11%        2d6       43%         3
 Freezing Cloud           Conj/Ice/Air   16%        6-21      71%         5
 Animate Armour           Summ/Erth      22%        N/A       82%         4
 Ice Form                 Ice/Tmut       11%        N/A       82%         4
 Agony                    Necr           11%        N/A       98%         5
 Simulacrum               Ice/Necr       5%         N/A       100%        6
 Summon Hydra             Summ           5%         N/A       100%        7
 Lehudib's Crystal Spear  Conj/Erth      22%        10d6      100%        8


Dungeon Overview and Level Annotations

Branches:
Dungeon (10/15)            Temple (0/1) D:6          Bailey (1/1)
   Lair: D:8-11         Orc: D:9-12

Annotations:
D:3 3 runed translucent doors, zzuzz's ghost, amateur DrFE


Innate Abilities, Weirdness & Mutations

You have an increased reservoir of magic. (+10% MP)
You shall have no god before yourself.
Your divine heritage dramatically boosts your attributes as you level up.


Message History

The orc knight is heavily wounded.
The orc knight hits you from afar with a +0 glaive!!
You take 21 damage, and have 44/69 hp.
MASSIVE DAMAGE!!
You now have 17/24 mp.
Casting: Iskenderun's Mystic Blast (dangerous; 2% risk of failure)
Confirm with . or Enter, or press ? or * to list all spells.
You erupt in a blast of force!
The mystic blast hits the orc knight.
The orc knight is heavily wounded.
The orc knight is knocked back by the mystic blast.
The orc knight collides with the orc knight!
The orc knight is lightly wounded.
The orc knight is severely wounded.
The orc knight roars a battlecry!
The orc knight goes into a battle-frenzy!
You now have 14/24 mp.
Casting: Iskenderun's Mystic Blast (dangerous; 2% risk of failure)
Confirm with . or Enter, or press ? or * to list all spells.
You erupt in a blast of force!
The mystic blast hits the orc knight!!
The orc knight is almost dead.
The orc knight is knocked back by the mystic blast.
The orc knight collides with the orc knight!
The orc knight is lightly wounded.
You kill the orc knight!
You now have 10/25 mp.
Casting: Iskenderun's Mystic Blast (dangerous; 2% risk of failure)
Confirm with . or Enter, or press ? or * to list all spells.
You miscast Iskenderun's Mystic Blast.
You are very lightly contaminated with residual magic.
Nothing appears to happen.
The orc knight hits you from afar with a +0 halberd!
You take 12 damage, and have 32/69 hp.
You now have 7/25 mp.
You see here a +0 war axe.
You see here a +0 hand axe.
You see here a +0 halberd.
The orc warrior barely misses you.
The orc warrior attacks as you move away!
The orc warrior hits you with a +0 halberd!!
* * * LOW HITPOINT WARNING * * *
The orc knight hits you from afar with a +0 halberd!!!
Ouch! That really hurt!
You die...

##'''##
#.....#
#.....#
#.....#
#.....#
#.....#
##')'##
##.....##
#...@...#
#.......#
#.o#o#o.#
#))#8#).#
#.)..)).#
##..)).##
###)###
#.).#
#...#


You could see 2 orc knights and an orc warrior (strong).

Vanquished Creatures
  A two-headed ogre (D:9)
  An orc knight (Bailey)
  A cyclops (D:9)
  Joseph (D:7)
  An unseen horror (D:10)
  The ghost of zzuzz the Sneak, a novice SpHu of Fedhas (D:5)
  Grinder (D:3)
  A shadow (D:9)
  A wraith (D:10)
  3 yaks (D:8)
  A steam dragon (D:9)
  2 vampire mosquitoes (D:9)
  Menkaure (D:7)
  An acid dragon (D:9)
  Duvessa (D:7)
  7 orc warriors
  A black bear (D:6)
  3 ice beasts
  5 sky beasts
  5 ogres
  A centaur (D:7)
  A phantom (D:4)
  3 bullfrogs
  4 scorpions
  A gnoll sergeant (D:10)
  4 wights
  Dowan (D:7)
  3 killer bees (D:9)
  3 howler monkeys
  A hound (D:5)
  A jelly (D:5)
  9 orc priests
  3 sleepcaps
  4 iguanas
  Natasha (thrice) (D:3)
  9 orc wizards
  11 gnolls
  6 adders
  2 white imps (D:6)
  2 ufetubi
  2 worms
  3 dart slugs
  56 orcs
  6 ball pythons
  9 bats
  7 endoplasms
  2 giant cockroaches (D:1)
  11 hobgoblins
  6 jackals
  2 quokkas
  5 frilled lizards
  10 goblins
  16 kobolds
  4 rats
250 creatures vanquished.

Notes
Turn   | Place    | Note
-------+----------+-------------------------------------------
     0 | D:1      | spardeous the Demigod Conjurer began the quest for the Orb.
     0 | D:1      | Reached XP level 1. HP: 14/14 MP: 5/5
   319 | D:1      | Reached XP level 2. HP: 20/20 MP: 3/7
  1091 | D:1      | Reached XP level 3. HP: 26/26 MP: 6/9
  1514 | D:1      | Learned a level 2 spell: Searing Ray
  2122 | D:2      | Reached XP level 4. HP: 33/33 MP: 0/11
  2641 | D:2      | Learned a level 4 spell: Iskenderun's Mystic Blast
  2813 | D:3      | Found a runed translucent gate.
  2814 | D:3      | Found a runed translucent gate.
  2814 | D:3      | Noticed zzuzz's ghost (amateur DrFE)
  2815 | D:3      | Found a runed translucent gate.
  3034 | D:3      | Noticed Natasha
  3041 | D:3      | Killed Natasha
  3042 | D:3      | Reached XP level 5. HP: 35/38 MP: 4/13
  3152 | D:3      | Noticed Grinder
  3165 | D:3      | Paralysed by Grinder for 3 turns
  3171 | D:3      | Killed Grinder
  3172 | D:3      | Reached skill level 5 in Conjurations
  3172 | D:3      | Reached XP level 6. HP: 45/45 MP: 5/15
  3174 | D:3      | Noticed Natasha
  3237 | D:3      | Killed Natasha
  3554 | D:3      | Noticed Natasha
  3561 | D:3      | Killed Natasha
  4369 | D:4      | Reached XP level 7. HP: 34/49 MP: 9/17
  4462 | D:4      | Reached skill level 5 in Spellcasting
  5221 | D:5      | Entered Level 5 of the Dungeon
  5717 | D:5      | Reached XP level 8. HP: 57/57 MP: 12/20
  5841 | D:5      | Found a transporter.
  5842 | D:5      | Found a transporter.
  5842 | D:5      | Noticed zzuzz's ghost (novice SpHu)
  5845 | D:5      | Identified the +1 great mace of Devotion {drain, rElec}
  7123 | D:6      | Found a staircase to the Ecumenical Temple.
  7542 | D:7      | Noticed Joseph
  7819 | D:7      | Reached skill level 10 in Conjurations
  7864 | D:7      | Noticed Menkaure
  7869 | D:7      | Killed Menkaure
  7870 | D:7      | Reached skill level 1 in Translocations
  7870 | D:7      | Reached XP level 9. HP: 62/62 MP: 16/21
  8049 | D:7      | Noticed Duvessa
  8064 | D:7      | Killed Duvessa
  8244 | D:7      | Noticed Dowan
  8252 | D:7      | Killed Dowan
  8485 | D:7      | Killed Joseph
  8486 | D:7      | Reached skill level 5 in Translocations
  8792 | D:5      | Killed zzuzz's ghost
 10277 | D:9      | Reached XP level 10. HP: 63/69 MP: 17/22
 10459 | D:9      | Noticed a cyclops
 10535 | D:9      | Killed a cyclops
 10664 | D:9      | Noticed a two-headed ogre
 10680 | D:9      | Killed a two-headed ogre
 11205 | D:9      | Reached skill level 10 in Translocations
 11915 | D:10     | Entered Level 10 of the Dungeon
 12219 | D:10     | Found a flagged portal.
 12256 | Bailey   | Entered a bailey
 12552 | Bailey   | Noticed an orc knight
 12563 | Bailey   | Noticed an orc knight
 12563 | Bailey   | Noticed an orc knight
 12589 | Bailey   | Killed an orc knight
 12596 | Bailey   | Annihilated by an orc knight

Illustrated notes

Levels and vault maps discovered:
D:1:      dreamdust_arrival_sigmund_warning, layout_loops_ring, st_stairs_13,
          bh_walls_and_bars
D:2:      layout_loops_cross, basic_ecumenical_altar
D:3:      layout_basic, biasface_ghost_orc_armoury, lexackson_kobold_supper,
          uniq_grinder, uniq_natasha
D:4:      layout_layer_cave, nicolae_wu_jian_wuxing_cycle,
          mainiacjoe_overflow_tiny_flanked, kennysheep_generic_room_8
D:5:      layout_rooms, general_overflow_altar, lemuel_crystal_altar,
          gammafunk_ghost_smash
D:6:      layout_layer_cave, nemelex_spade_bored_becter,
          mainiacjoe_overflow_surrounded_room, minmay_temple_entry_large_hall
D:7:      layout_rooms, uniq_joseph, uniq_duvessa, uniq_menkaure
D:8:      layout_loops_ring
D:9:      layout_basic, mainiacjoe_overflow_24_doors, kennysheep_mini_moat
D:10:     layout_roguey, enter_bailey_3, serial_glass, glass_columns_b,
          glass_columns_a, glass_columns_a, glass_columns_a, glass_columns_a,
          glass_columns_a, glass_columns_b, glass_columns_a, glass_columns_a,
          glass_columns_b, glass_columns_c, glass_columns_b, glass_columns_a,
          glass_columns_a, serial_shops, nicolae_shop_behind_doors
Bailey:   bailey_polearm_5, bailey

Skill      XL: |  1  2  3  4  5  6  7  8  9 10 |
---------------+-------------------------------+-----
Spellcasting   | 2 3 4 6 7 |  7.4
Conjurations   | 4 5 6 7 10 | 10.0
Translocations | 1 8 10 | 10.1
Dodging        | |  1.7
Stealth        | |  1.7

Action                     |  1- 3 |  4- 6 |  7- 9 | 10-12 || total
---------------------------+-------+-------+-------+-------++-------
  Melee: Dagger            |       |       |     2 |       ||     2
         Great mace        |       |       |    18 |     7 ||    25
   Cast: Magic Dart        |    95 |    86 |   116 |     3 ||   300
         Searing Ray       |     3 |    11 |    53 |     2 ||    69
         Iskenderun's Myst |       |       |    34 |    76 ||   110
    Use: Potion            |       |       |     1 |       ||     1
 Armour: Robe              |     2 |     3 |       |       ||     5
         Scale mail        |       |     2 |    50 |    14 ||    66
  Dodge: Dodged            |     9 |    12 |    58 |    14 ||    93
